 Dungeon Sprint DCSS version 0.22-a0-414-gacd343e (webtiles) character file.

30 Mgcat the Ruffian (level 3, -1/32 HPs)
             Began as a Troll Transmuter on May 13, 2018.
             Was an Initiate of Ru.
             Slain by a wraith (11 damage)
             ... in the Dungeon (Sprint IX: "|||||||||||||||||||||||||||||").
             The game lasted 00:01:15 (143 turns).

Mgcat the Ruffian (Troll Transmuter)                 Turns: 143, Time: 00:01:16

Health: -1/32      AC:  7    Str: 18    XL:     3   Next: 5%
Magic:  2/3        EV: 10    Int: 13    God:    Ru [......]
Gold:   0          SH:  0    Dex: 10    Spells: 1/4 levels left

rFire    . . .     SeeInvis .     - Unarmed
rCold    . . .     Gourm    +   (no shield)
rNeg     . . .     Faith    .   b - +0 robe
rPois    .         Spirit   .   (helmet restricted)
rElec    .         Reflect  .   (no cloak)
rCorr    .         Harm     .   (gloves unavailable)
MR       .....     NoTele   +   (boots unavailable)
Stlth    +.........             (no amulet)
HPRegen  0.50/turn              p - +2 ring of protection
MPRegen  0.08/turn              q - +3 ring of intelligence

@: appendage (expiring), slowed, very slow
A: large, unfitting armour, claws 3, horns 2, fast metabolism 3, gourmand,
regeneration 1, shaggy fur 1, tough skin 2
a: End Transformation, Renounce Religion


You were in the Dungeon.
You worshipped Ru.
Ru was noncommittal.
You were completely stuffed.
You had grown temporary horns.
You visited 1 branch

Inventory:

Missiles
 a - 12 arrows
Armour
 b - a +0 robe (worn)
Magical Staves
 n - an uncursed staff of energy {+MP, hungerless spells, !d!a@w1}
   (You found it in the Dungeon)
Jewellery
 p - a +2 ring of protection (left claw)
   (You found it in the Dungeon)
 q - a +3 ring of intelligence (right claw)
   (You found it in the Dungeon)
Wands
 o - a wand of iceblast (10)
   (You found it in the Dungeon)
Scrolls
 j - 2 scrolls of blinking {!r}
 l - 3 scrolls of remove curse
 m - 2 scrolls of amnesia
Potions
 e - 5 potions of curing
 f - 3 potions of heal wounds
 g - a potion of haste
 h - 4 potions of magic
 i - a potion of berserk rage {!q}
 k - a potion of invisibility
Comestibles
 c - 4 chunks of flesh {@w0}
 d - 2 rations


   Skills:
 - Level 0.7 Fighting
 - Level 1.5 Dodging
 + Level 5.2 Unarmed Combat
 - Level 1.2 Spellcasting
 + Level 3.5 Transmutations


You had one spell level left.
You knew the following spells:

 Your Spells              Type           Power        Failure   Level  Hunger
a - Beastly Appendage     Tmut           #.....       7%          1    ##.....
b - Sticks to Snakes      Tmut           #.......     10%         2    ###....

Your spell library contained the following spells:

 Spells                   Type           Power        Failure   Level  Hunger
 Spider Form              Tmut/Pois      #.........   38%         3    ####...
 Blade Hands              Tmut           #.........   88%         5    ######.
 Ice Form                 Ice/Tmut       #.......     80%         4    #####..


Dungeon Overview and Level Annotations

Branches:
Dungeon (1/1)

Altars:
Cheibriados
Dithmenos
Elyvilon
Fedhas
Gozag
Hepliaklqana
Kikubaaqudgha
Makhleb
Nemelex Xobeh
Okawaru
Qazlal
Ru
Sif Muna
Trog
Uskayaw
Vehumet
Wu Jian
Xom
Yredelemnul
Zin
The Shining One
Beogh
Jiyva
Lugonu


Innate Abilities, Weirdness & Mutations

You are too large for most types of armour.
You have claws for hands.
Your metabolism is lightning-fast.
You like to eat raw meat.
Your natural rate of healing is unusually fast.
You are covered in fur. (AC +1)
You have very tough skin. (AC +2)
You have a pair of horns on your head.


Message History

There is a blossoming altar of Fedhas here.
Found an iron altar of Okawaru.
There is an opulent altar of Gozag here.
Found a stormy altar of Qazlal.
There is a hazy altar of Hepliaklqana here.
Found a sacrificial altar of Ru.
There is a viscous altar of Jiyva here.
Found a deep blue altar of Sif Muna.
There is an ancient bone altar of Kikubaaqudgha here.
Found a bloodstained altar of Trog.
There is a corrupted altar of Lugonu here.
Found a hide-covered altar of Uskayaw.
There is a burning altar of Makhleb here.
Found a radiant altar of Vehumet.
There is a sparkling altar of Nemelex Xobeh here.
Found an ornate altar of the Wu Jian Council.
There is an iron altar of Okawaru here.
Found a shimmering altar of Xom.
There is a stormy altar of Qazlal here.
Found a basalt altar of Yredelemnul.
There is a sacrificial altar of Ru here.
Found a glowing silver altar of Zin.
There is a deep blue altar of Sif Muna here.
There is a sacrificial altar of Ru here.
You kneel at the altar of Ru.
Ru welcomes you!
Eating one of 5 chunks of flesh {@w0}.
You eat one of the 5 chunks of flesh {@w0}.
This raw flesh tastes great.
There is a deep blue altar of Sif Muna here.
Found a glowing golden altar of the Shining One.
There is a bloodstained altar of Trog here.
There is a hide-covered altar of Uskayaw here.
There is a radiant altar of Vehumet here.
There is an ornate altar of the Wu Jian Council here.
There is a shimmering altar of Xom here.
There is a basalt altar of Yredelemnul here.
There is a glowing silver altar of Zin here.
There is a glowing golden altar of the Shining One here.
As you open the door, it creaks loudly!
Found a +1 chain mail of cold resistance.
There is an open door here.
h - 4 potions of magic (gained 2);
k - a potion of invisibility
f - 3 potions of heal wounds (gained 2);
e - 5 potions of curing (gained 4)
l - 3 scrolls of remove curse;
m - 2 scrolls of amnesia
j - 2 scrolls of blinking {!r} (gained 1)
n - an uncursed staff of energy {+MP, hungerless spells, !d!a@w1}
o - a wand of iceblast (10)
Items here: )))))) the +8 demon blade "Bloodbane" {slice, *Rage +Rage Stlth-} a +4 quarterstaff of speed; a +2 halberd of protection a +2 dire flail of crushing; a +3 war axe of freezing a +2 rapier of electrocution
Okay, then.
You see here a +0 pair of gloves.
You see here a +0 pair of gloves.
You see here a +1 chain mail of cold resistance.
p - a +2 ring of protection
q - a +3 ring of intelligence Put on which piece of jewellery? (? for menu, Esc to quit)
p - a +2 ring of protection (left claw) Put on which piece of jewellery? (? for menu, Esc to quit)
You feel clever.
q - a +3 ring of intelligence (right claw) Unknown command.
Unknown command.
Okay, then.
Memorise Sticks to Snakes, consuming 2 spell levels and leaving 1?
You start memorising the spell.
You continue memorising. x2
You finish memorising.
Spell assigned to 'b'.
Okay, then.
Unknown command.
Unknown command.
Cast which spell? (? or * to list)
You grow a pair of large bovine horns.
You open the door. 2 iguanas, a sky beast, a big kobold, an orc and a wraith come into view.
The big kobold is wielding a dagger of venom.
The orc shouts!
The iguana hisses angrily.
You closely miss the wraith.
The big kobold shouts!
The wraith hits you! The wraith drains your vigour!
You feel yourself slow down.
You are too injured to fight recklessly!
You scratch the wraith.
The wraith is lightly damaged.
The wraith hits you!
* * * LOW HITPOINT WARNING * * *
The wraith drains your vigour!
You feel as though you will be slow longer.
You closely miss the wraith. Your headbutt misses the wraith.
Your claw misses the wraith.
The wraith is lightly damaged.
The wraith closely misses you. x2; The sky beast flickers out of sight!
Deactivating autopickup; reactivate with Ctrl-A.
You scratch the wraith.
The wraith is lightly damaged.
Your transformation is almost over.
The wraith hits you!
You die...

▓.▓
▓o▓
▓l▓
▓l▓
▓{▓
▓K▓
▓W▓
▓@▓
▓.▓
▓[▓
▓[▓
▓[▓
▓)▓
▓.▓
▓.▓
▓.▓


You could see a wraith, a big kobold, 2 iguanas and an orc.

Vanquished Creatures
  2 adders (D)
  A leopard gecko (D)
  An orc (D)
  A bat (D)
  A goblin (D)
  2 hobgoblins (D)
  A frilled lizard (D)
  A rat (D)
10 creatures vanquished.

Notes
Turn   | Place    | Note
-------+----------+-------------------------------------------
     0 | D        | Mgcat the Troll Transmuter began the quest for the Orb.
     0 | D        | Reached XP level 1. HP: 18/18 MP: 1/1
    12 | D        | Reached skill level 2 in Transmutations
    32 | D        | Reached skill level 4 in Unarmed Combat
    32 | D        | Reached XP level 2. HP: 17/26 MP: 2/2
    37 | D        | Reached skill level 3 in Transmutations
    40 | D        | Reached skill level 5 in Unarmed Combat
    41 | D        | Reached XP level 3. HP: 22/32 MP: 3/3
    86 | D        | Found a roughly hewn altar of Beogh.
    86 | D        | Found a snail-covered altar of Cheibriados.
    86 | D        | Found a shadowy altar of Dithmenos.
    86 | D        | Found a white marble altar of Elyvilon.
    86 | D        | Found a blossoming altar of Fedhas.
    86 | D        | Found an opulent altar of Gozag.
    87 | D        | Found a hazy altar of Hepliaklqana.
    88 | D        | Found a viscous altar of Jiyva.
    89 | D        | Found an ancient bone altar of Kikubaaqudgha.
    90 | D        | Found a corrupted altar of Lugonu.
    91 | D        | Found a burning altar of Makhleb.
    92 | D        | Found a sparkling altar of Nemelex Xobeh.
    93 | D        | Found an iron altar of Okawaru.
    94 | D        | Found a stormy altar of Qazlal.
    95 | D        | Found a sacrificial altar of Ru.
    96 | D        | Found a deep blue altar of Sif Muna.
    97 | D        | Found a bloodstained altar of Trog.
    98 | D        | Found a hide-covered altar of Uskayaw.
    99 | D        | Found a radiant altar of Vehumet.
   100 | D        | Found an ornate altar of the Wu Jian Council.
   101 | D        | Found a shimmering altar of Xom.
   102 | D        | Found a basalt altar of Yredelemnul.
   103 | D        | Found a glowing silver altar of Zin.
   105 | D        | Became a worshipper of Ru the Awakened
   108 | D        | Found a glowing golden altar of the Shining One.
   117 | D        | Found the +8 demon blade "Bloodbane" {slice, *Rage +Rage Stlth-}
   137 | D        | Learned a level 2 spell: Sticks to Snakes
   139 | D        | Noticed a sky beast
   139 | D        | Noticed a big kobold
   139 | D        | Noticed a wraith
   141 | D        | HP: 8/32 [wraith (11)]
   143 | D        | Slain by a wraith

Vault maps used:
D:        linesprint

Skill      XL: |  1  2 |
---------------+-------+-----
Transmutations | 2 3 |  3.5
Unarmed Combat | 4 5 |  5.2
Fighting       | |  0.7
Dodging        | |  1.5
Spellcasting   | |  1.2

Action                   || total
-------------------------++-------
Melee: Unarmed           ||    37
       Punch             ||     2
 Cast: Beastly Appendage ||     1
  Eat: Chunk             ||     7
Armor: Robe              ||     4
Dodge: Dodged            ||    18

Table legend:
 A = Spawn XP
 B = Non-spawn XP
 C = Spawn XP percentage of total XP
 D = Spawn monster count
 E = Non-spawn monster count
 F = Spawn count percentage of total count
 G = Total turns spent on level
                    A         B        C        D         E        F      G
               +---------+---------+-------+---------+---------+-------+---------
         Total |       0 |      44 |   0.0 |       0 |      10 |   0.0 |   143
               +---------+---------+-------+---------+---------+-------+---------
             D |       0 |      44 |   0.0 |       0 |      10 |   0.0 |   143
               +---------+---------+-------+---------+---------+-------+---------

Vault maps used:
D:        linesprint

Table legend:
 A = Turns spent in this place as a percentage of turns spent in the entire game.
 B = Non-inter-level travel turns spent in this place as a percentage of non-inter-level travel turns spent in the entire game.
 C = Inter-level travel turns spent in this place as a percentage of turns spent in this place.
 D = Turns resting spent in this place as a percentage of non-inter-level travel turns spent in this place.
 E = Turns spent auto-exploring this place as a percentage of non-inter-level travel turns spent in this place.
 F = Non-inter-level travel turns spent in this place divided by the number of levels of this place that you've seen.
                   A       B       C       D       E      F
               +-------+-------+-------+-------+-------+----------------------
         Total | 100.0 | 100.0 |   0.0 |   0.0 |  36.4 | 143.0
       Dungeon | 100.0 | 100.0 |   0.0 |   0.0 |  36.4 | 143.0
               +-------+-------+-------+-------+-------+----------------------

Table legend:
 A = Kills in this place as a percentage of kills in entire the game.
 B = Kills by you in this place as a percentage of kills by you in the entire game.
 C = Kills by friends in this place as a percentage of kills by friends in the entire game.
 D = Other kills in this place as a percentage of other kills in the entire game.
 E = Experience gained in this place as a percentage of experience gained in the entire game.
 F = Experience gained in this place divided by the number of levels of this place that you have seen.
                   A       B       C       D       E      F
               +-------+-------+-------+-------+-------+----------------------
         Total | 100.0 | 100.0 |   N/A |   N/A | 100.0 |  44.0
       Dungeon | 100.0 | 100.0 |   N/A |   N/A | 100.0 |  44.0
               +-------+-------+-------+-------+-------+----------------------
